Map: [ESL] Site Delta

Players

MaNa - Winner!

  • Race: Protoss Protoss
  • Spawn Location: 11:00

MaxPax

  • Race: Protoss Protoss
  • Spawn Location: 5:00

Event: ESL SC2 Masters 2023 Winter (Regional)

VOD

Have the link to the VOD?

Description

Time

  • Played on: Nov. 10, 2023, 10:30 a.m.
  • Length: 9:12

All games in this series

Show
View Real Time Build Order
Export as new Build Order

MaNa Protoss - Winner!

Build Orders:  

Get SALT Encoding   

  12  0:00  Probe  
  13  0:12  Probe  
  14  0:18  Pylon  
  14  0:24  Probe (Chrono Boost)  
  15  0:36  Probe (Chrono Boost)  
  15  0:39  Gateway  
  16  0:45  Probe (Chrono Boost)  
  16  0:48  Assimilator  
  17  0:51  Probe  
  18  1:03  Probe  
  19  1:15  Probe  
  20  1:18  Pylon  
  20  1:27  Cybernetics Core, Probe  
  23  1:39  Probe  
  24  1:50  Nexus  
  24  1:51  Probe  
  23  1:56  Pylon  
  23  2:00  Adept (Chrono Boost)  
  23  2:04  Warp Gate (Chrono Boost)  
  23  2:08  Probe  
  26  2:12  Assimilator  
  26  2:20  Pylon, Probe  
  26  2:23  Stalker (Chrono Boost)  
  28  2:32  Probe  
  28  2:34  Gateway  
  29  2:40  Shield Battery  
  29  2:47  Stalker  
  31  3:01  Probe x2  
  33  3:10  Shield Battery  
  33  3:13  Probe  
  33  3:14  Probe  
  35  3:25  Probe  
  36  3:27  Probe  
  37  3:37  Probe  
  37  3:39  Probe  
  39  3:43  Shield Battery  
  39  3:46  Stalker x2  
  43  3:50  Probe  
  43  3:53  Twilight Council  
  43  3:54  Probe  
  44  4:02  Probe  
  44  4:06  Probe  
  44  4:09  Pylon  
  44  4:15  Pylon  
  44  4:16  Stalker  
  46  4:26  Pylon  
  46  4:27  Probe x2  
  45  4:34  Stalker  
  45  4:36  Blink (Chrono Boost)  
  47  4:39  Probe  
  47  4:42  Probe  
  47  4:43  Stalker  
  51  4:51  Probe (Chrono Boost)  
  51  4:52  Dark Shrine  
  52  4:54  Probe (Chrono Boost)  
  53  5:00  Stalker  
  53  5:03  Probe (Chrono Boost)  
  53  5:04  Assimilator, Probe (Chrono Boost)  
  57  5:08  Gateway, Probe (Chrono Boost)  
  57  5:09  Probe (Chrono Boost)  
  59  5:17  Probe  
  60  5:25  Nexus  
  60  5:28  Probe  
  60  5:29  Probe  
  62  5:36  Stalker x2  
  62  5:41  Probe  
  62  5:42  Probe  
  68  5:44  Pylon  
  68  5:53  Probe  
  68  5:55  Robotics Facility  
  69  5:58  Pylon  
  69  6:01  Pylon  
  69  6:04  Dark Templar  
  71  6:09  Dark Templar  
  71  6:10  Probe  
  71  6:11  Probe  
  75  6:18  Forge  
  75  6:20  Shield Battery  
  75  6:21  Gateway  
  75  6:26  Cybernetics Core  
  75  6:30  Sentry  
  75  6:32  Probe  
  78  6:43  Observer (Chrono Boost), Stalker x2  
  78  6:44  Probe  
  82  6:48  Probe  
  83  6:57  Stalker  
  83  7:00  Probe  
  86  7:06  Protoss Ground Weapons Level 1 (Chrono Boost)  
  84  7:08  Photon Cannon  
  83  7:21  Stalker x4  
  91  7:25  Probe  
  91  7:27  Probe  
  93  7:32  Photon Cannon  
  93  7:37  Observer (Chrono Boost)  
  93  7:43  Photon Cannon  
  94  7:51  Warp Prism (Chrono Boost)  
  94  8:00  Stalker x4  
  94  8:01  Probe  
  99  8:10  Probe  
  88  8:26  Stalker x4  
  89  8:35  Gateway  
  89  8:37  Gateway  
  89  8:39  Gateway  
  89  8:41  Gateway  
  89  8:49  Stalker x4  
  98  9:07  Pylon  
  98  9:10  Nexus  
Show
View Real Time Build Order
Export as new Build Order

MaxPax Protoss 

Build Orders: Oracle Opening 

Get SALT Encoding   

  12  0:00  Probe  
  13  0:12  Probe  
  14  0:19  Pylon  
  14  0:24  Probe  
  15  0:37  Probe (Chrono Boost)  
  15  0:39  Gateway  
  16  0:46  Probe (Chrono Boost)  
  16  0:47  Assimilator  
  17  0:52  Probe (Chrono Boost)  
  18  0:58  Assimilator  
  18  1:04  Probe (Chrono Boost)  
  19  1:05  Pylon  
  19  1:12  Probe (Chrono Boost)  
  19  1:18  Probe  
  21  1:27  Cybernetics Core  
  21  1:30  Probe  
  24  1:32  Zealot  
  24  1:42  Probe  
  25  1:55  Probe  
  26  2:03  Stargate, Adept  
  28  2:11  Warp Gate  
  28  2:24  Nexus  
  28  2:33  Pylon  
  28  2:38  Stalker  
  30  2:51  Shield Battery  
  30  2:52  Oracle (Chrono Boost)  
  30  2:58  Probe  
  34  3:08  Shield Battery  
  34  3:10  Probe  
  34  3:19  Oracle (Chrono Boost)  
  34  3:22  Probe  
  38  3:30  Shield Battery  
  38  3:31  Gateway  
  38  3:34  Probe  
  38  3:38  Probe  
  40  3:46  Probe  
  41  3:50  Probe  
  42  3:59  Twilight Council  
  42  4:00  Probe (Chrono Boost)  
  42  4:02  Probe (Chrono Boost)  
  44  4:04  Stalker  
  46  4:14  Probe (Chrono Boost)  
  46  4:16  Probe (Chrono Boost)  
  48  4:19  Probe (Chrono Boost)  
  48  4:23  Probe  
  50  4:29  Probe  
  51  4:35  Probe  
  51  4:36  Blink (Chrono Boost)  
  50  4:41  Probe  
  49  4:45  Dark Shrine  
  49  4:47  Gateway, Probe  
  49  4:48  Assimilator  
  49  4:52  Pylon  
  50  4:53  Shield Battery, Probe  
  50  4:59  Stalker, Probe  
  54  5:05  Pylon  
  54  5:10  Probe  
  54  5:11  Probe  
  56  5:14  Stalker  
  58  5:26  Nexus, Pylon  
  58  5:27  Stalker  
  57  5:29  Pylon  
  57  5:32  Probe x2  
  59  5:37  Gateway  
  59  5:44  Probe x2, Stalker  
  59  5:49  Gateway  
  63  5:54  Shield Battery  
  63  5:57  Probe x2  
  63  5:59  Dark Templar  
  63  6:02  Dark Templar  
  69  6:08  Stalker  
  69  6:10  Probe  
  72  6:13  Probe, Forge  
  73  6:22  Probe  
  73  6:25  Probe  
  75  6:34  Probe  
  75  6:37  Probe  
  77  6:40  Stalker x4  
  77  6:42  Probe  
  79  6:47  Photon Cannon  
  79  6:52  Dark Templar  
  76  6:57  Robotics Facility  
  71  7:01  Probe  
  71  7:03  Probe  
  71  7:06  Probe  
  70  7:12  Pylon  
  70  7:13  Probe  
  71  7:16  Probe  
  71  7:18  Probe  
  71  7:28  Probe (Chrono Boost), Pylon  
  71  7:29  Probe (Chrono Boost)  
  73  7:30  Probe (Chrono Boost)  
  75  7:38  Probe (Chrono Boost)  
  75  7:39  Probe (Chrono Boost)  
  75  7:41  Probe (Chrono Boost)  
  75  7:42  Stalker x4  
  75  7:43  Probe (Chrono Boost)  
  85  7:44  Probe (Chrono Boost)  
  84  7:54  Probe  
  84  7:55  Probe  
  73  7:59  Stalker  
  73  8:00  Observer  
  71  8:07  Zealot x3  
  71  8:08  Probe (Chrono Boost)  
  71  8:11  Probe (Chrono Boost)  
  77  8:13  Probe (Chrono Boost)  
  74  8:20  Probe (Chrono Boost)  
  74  8:24  Probe (Chrono Boost)  
  69  8:29  Stalker x2, Probe (Chrono Boost)  
  69  8:30  Probe (Chrono Boost)  
  69  8:31  Probe (Chrono Boost)  
  74  8:34  Probe  
  74  8:38  Probe  
  74  8:39  Pylon  
  76  8:41  Probe  
  79  8:50  Stalker x2  
  79  8:51  Probe  
Tags
 
Add a new tag
Caveats
  • Supply blocks, unpowered buildings, or Contaminate may cause inaccurate times.
  • Supply counts are checked every 10 seconds.